cohdb
Replays
Latest Replays
All Replays
Popular Replays
Top Player Replays
Match Explorer
How It Works
Community
CoH3 Stats
Reddit
Sign in to upload your games and track your stats! →
Sign in with Steam
Match 38989832
Unlisted
Match 38989832
Overview
Messages
Build Orders
End
Kradschützen Motorcycle Team
250 Light Carrier
Panzerpioneer Squad
Panzerpioneer Squad
Construct Light Support Kompanie
Combat Half-tracks
Construct Mechanized Kompanie
Selects Italian Infantry
Selects Guastatori Squad
Guastatori Squad
Guastatori Squad
Support Armor Elements
StuG III D Assault Gun
StuG III D Assault Gun
Vehicle Survival Package
Selects Registered Artillery
Selects Sound the Alarm
Construct Panzerarmee Kommand
『BlackBear』
David
TF2 Engineer
Starrei
0
0
Comments
sign in to comment!
No comments posted yet!